 Dungeon Crawl Stone Soup version 0.25-a0-558-g78a2afb0af (webtiles) character file.

Game seed: 9058727416991072154, levelgen mode: classic

11781 EnegeticOcto the Demolition Dwarf (level 11, 37/104 HPs)
             Began as a Deep Dwarf Fighter on Feb 24, 2020.
             Was an Elder of Makhleb.
             Quit the game in a volcano.
             The game lasted 00:06:59 (6045 turns).

EnegeticOcto the Demolition Dwarf (DDFi)            Turns: 6045, Time: 00:07:00

Health: 37/104     AC: 15    Str: 22 (23) XL:     11   Next: 53%
Magic:  0/0        EV: 10    Int: 12 (13) God:    Makhleb [****..]
Gold:   865        SH: 11    Dex: 14      Spells: 10/10 levels left

rFire    + . .     SeeInvis .   a - +1 war axe
rCold    . . .     Gourm    .   c - +0 kite shield
rNeg     . . .     Faith    .   w - +0 chain mail
rPois    .         Spirit   .   (no helmet)
rElec    .         Reflect  .   f - +1 cloak
rCorr    .         Harm     .   (no gloves)
MR       +....                  C - +1 pair of boots
Stlth    ..........             (no amulet)
HPRegen  0.00/turn              F - ring of protection from fire
MPRegen  0.07/turn              t - ring "Jobulefa" {Int+4 Slay+3 Stlth-, =R}

@: non-regenerating
A: damage resistance, heal wounds, agile 1, deterioration 1, sense surroundings
2, no regeneration
a: Heal Wounds, Minor Destruction, Lesser Servant of Makhleb, Major Destruction,
Renounce Religion


You were in a volcano.
You worshipped Makhleb.
Makhleb was greatly pleased with you.
You were not hungry.

You visited 3 branches of the dungeon, and saw 12 of its levels.
You also visited: Sewer and Volcano.

You collected 865 gold pieces.

Inventory:

Hand Weapons
 a - a +1 war axe (weapon)
Missiles
 x - a throwing net (quivered)
Armour
 b - a +0 scale mail
 c - a +0 kite shield (worn)
 f - a +1 cloak (worn)
 w - a +0 chain mail (worn)
 C - a +1 pair of boots (worn)
 G - +0 fire dragon scales
Jewellery
 d - an uncursed ring of see invisible
 g - an uncursed ring of protection from fire
 s - a +4 ring of evasion
 t - the ring "Jobulefa" (right hand) {Int+4 Slay+3 Stlth-, =R}
   (You found it on level 5 of the Dungeon)

   [ring of attention]

   It affects your intelligence (+4).
   It affects your accuracy and damage with ranged weapons and melee attacks
   (+3).
   It makes you less stealthy.
 F - a ring of protection from fire (left hand)
Wands
 h - a wand of digging (3) {@v2}
 p - a wand of clouds (13)
 v - a wand of paralysis (9)
 y - a wand of flame (9)
 z - a wand of iceblast (9)
 B - a wand of polymorph (14)
Scrolls
 l - 3 scrolls of teleportation {@r2}
 m - 3 scrolls of enchant weapon
 q - 2 scrolls of magic mapping {@r5}
 u - 3 scrolls of remove curse {@r6}
 A - a scroll of blinking {@r3}
 D - 3 scrolls of identify {@r1}
Potions
 i - 3 potions of berserk rage
 j - a potion of flight
 k - 2 potions of might {@q3}
 n - 2 potions of haste {@q4}
 o - 6 potions of curing {@q1}
 r - a potion of heal wounds {@q2}
 E - 3 potions of brilliance {unknown}
Comestibles
 e - 10 rations


   Skills:
 * Level 8.7 Fighting
 * Level 10.1 Axes
 + Level 7.8 Armour
 + Level 6.7 Dodging
 + Level 7.7 Shields
 * Level 10.3 Invocations


You had 10 spell levels left.
You didn't know any spells.
Your spell library was empty.

Dungeon Overview and Level Annotations

Branches:
Dungeon (10/15)            Temple (1/1) D:5            Lair (0/6) D:8
    Orc (1/2) D:10          Sewer (visited)         Volcano (1/1)

Altars:
Cheibriados
Dithmenos
Fedhas
Gozag
Hepliaklqana
Kikubaaqudgha
Makhleb
Nemelex Xobeh
Okawaru
Qazlal
Trog
Uskayaw
Vehumet
Yredelemnul
Zin
The Shining One
Beogh

Shops:
D:6 (   D:7 ((:}

Annotations:
D:5 3 runed translucent doors, Grizz's ghost, novice MiFi
D:7 2 transporters, derval's ghost, novice MfIE


Innate Abilities, Weirdness & Mutations

You are resistant to damage.
You can heal yourself by infusing magical energy.
You passively map the area around you.
You do not regenerate.
You are agile. (Dex +2)
Your body sometimes deteriorates upon taking damage.


Message History

The gargoyle hits you with a +0 dire flail.
You hit the gargoyle.
You destroy the gargoyle!
Makhleb accepts your kill.
You feel better.
No target in view!
No target in view!
No target in view!
No target in view!
No target in view!
No target in view!
No target in view!
No target in view!
You open the large door.
There is a large open door here.
A molten gargoyle comes into view. It is wielding a +0 morningstar.
The molten gargoyle blasts magma at you!
The bolt of magma hits you! You partially resist.
Found four items.
The molten gargoyle blasts magma at you!
The bolt of magma hits you!! You partially resist.
Found a potion of berserk rage, 16 gold pieces and a great mace of flaming.
You are too injured to fight recklessly!
You are too injured to fight recklessly!
You are too injured to fight recklessly!
You are too injured to fight recklessly!
You are too injured to fight recklessly!
You are too injured to fight recklessly!
You are too injured to fight recklessly!
You are too injured to fight recklessly!
You are too injured to fight recklessly!
You are too injured to fight recklessly!
You are too injured to fight recklessly!
You are too injured to fight recklessly!
You are too injured to fight recklessly!
You are too injured to fight recklessly!
You are too injured to fight recklessly!
You feel much better.
Your orange demon barely misses the molten gargoyle.
You block the molten gargoyle's attack.
You fail to use your ability.
Your orange demon stings the molten gargoyle from afar!
The molten gargoyle blasts magma at you!
The bolt of magma hits you!! You partially resist.
The bolt of magma hits your orange demon!
Your orange demon dies!
You completely miss the molten gargoyle.
The molten gargoyle is moderately damaged.
The molten gargoyle hits you with a +0 morningstar!
You are engulfed in flames.
You resist.
You are too injured to fight recklessly!
You are too injured to fight recklessly!
You are too injured to fight recklessly!
You are too injured to fight recklessly!
You are too injured to fight recklessly!
You are too injured to fight recklessly!
You are too injured to fight recklessly!
You are too injured to fight recklessly!
You are too injured to fight recklessly!
Your magical essence is drained by the effort!
You feel much better. You block the molten gargoyle's attack.
You hit the molten gargoyle.
The molten gargoyle is heavily damaged.
The molten gargoyle hits you with a +0 morningstar.
You are engulfed in flames.
You resist.
You hit the molten gargoyle but do no damage.
The molten gargoyle is heavily damaged.
You block the molten gargoyle's attack.
You slash the molten gargoyle!
The molten gargoyle is severely damaged.
Your shield and chain mail prevent you from hitting the molten gargoyle.
The molten gargoyle is severely damaged.
The molten gargoyle blasts magma at you!
The bolt of magma hits you! You partially resist.
You are too injured to fight recklessly!
You are too injured to fight recklessly!
You are too injured to fight recklessly!
You are too injured to fight recklessly!
You slash the molten gargoyle!
You destroy the molten gargoyle!
Makhleb accepts your kill.
You feel your dexterity returning.
You see here a +0 morningstar.
You now have 828 gold pieces (gained 19).
D - 3 scrolls of identify {@r1} (gained 1)
i - 3 potions of berserk rage (gained 1)
You now have 844 gold pieces (gained 16).
You see here a great mace of flaming.
You now have 865 gold pieces (gained 21).
You see here a robe.
There is a large open door here.
There is an open door here.
There is an open door here.
Things that are here:
a +4 scimitar of flaming; a +0 morningstar; a +0 flail You open the door.
There is an open door here.
A lava snake comes into view.
A lava snake is nearby!
Are you sure you want to abandon this character and quit the game? (Confirm with "yes".)

≈
≈≈≈≈≈§≈≈§§§§§≈≈≈≈≈≈≈§≈≈≈
≈
≈≈≈§§§§§§≈§≈§≈≈≈≈≈≈§§≈≈§
, ≈
≈≈≈≈≈≈§§§≈≈≈≈≈§≈§§§§§≈≈≈
≈
≈§§≈≈≈≈§§.≈.≈§.§≈§≈.≈.≈§
, ≈ ≈
≈§≈≈≈≈.........§§.......
, ≈ ≈
≈≈§§≈≈§.########'#######
≈
≈≈≈§§§§..#..)...#.#......
,
≈≈§≈§≈≈.#..[[#.#.#.#4...
≈≈≈§§§≈.@#....#.#.#)#....
≈§≈≈§≈≈.#..).#.#.#.#....
≈≈§≈≈≈≈..######.#.#.#####
≈≈
§≈≈≈§≈≈.#......#.#......
≈
≈≈§§§≈≈..###''###)###''##
, ≈
≈§≈§≈§.§#....#.....#....
≈ ≈§§§§S.#.∩..#.8_8.#..∩.
, ≈
≈≈≈§.§#...)'....(((... ≈≈
,################


You could see a lava snake (sleeping).

Vanquished Creatures
  A stone giant (Volcano)
  Erica (D:8)
  A two-headed ogre (D:10)
  An unseen horror (D:7)
  Joseph (D:8)
  2 molten gargoyles (Volcano)
  3 gargoyles (Volcano)
  A komodo dragon (D:8)
  An efreet (Volcano)
  2 trolls
  A hornet (D:9)
  2 hippogriffs
  A vampire (D:9)
  A wyvern (D:10)
  Grum (D:9)
  A hungry ghost (D:10)
  A fire elemental (Volcano)
  A warg (Orc:1)
  Duvessa (D:7)
  Purgy (Sewer)
  10 orc warriors
  2 ice beasts
  2 ogres
  3 wolves (D:9)
  3 phantoms
  3 centaurs
  6 bullfrogs
  A big kobold (D:4)
  Dowan (D:7)
  2 scorpions
  3 killer bees (D:7)
  5 howler monkeys
  3 lava snakes (Volcano)
  7 crimson imps
  A centaur zombie (D:10)
  A quasit (D:10)
  6 hounds
  6 jellies
  3 orc priests (D:10)
  Crazy Yiuf (D:2)
  A centaur skeleton (D:4)
  A gnoll shaman (D:6)
  2 iguanas
  9 orc wizards
  8 worker ants
  A hound zombie (D:6)
  4 hound skeletons
  2 worker ant zombies
  11 gnolls
  9 adders
  A shadow imp (D:9)
  5 oozes (D:10)
  An adder zombie (D:6)
  A worm (D:4)
  3 leopard geckos
  62 orcs
  8 ball pythons
  5 giant cockroaches
  4 goblins
  2 hobgoblins
  8 jackals
  23 kobolds
  6 quokkas
  2 bats (D:1)
  9 frilled lizards
  2 quokka skeletons
  4 rats
  4 plants
292 creatures vanquished.

Vanquished Creatures (others)
  3 plants
3 creatures vanquished.

Grand Total: 295 creatures vanquished

Notes
Turn   | Place    | Note
-------+----------+-------------------------------------------
     0 | D:1      | EnegeticOcto the Deep Dwarf Fighter began the quest for the
                  | Orb.
     0 | D:1      | Reached XP level 1. HP: 20/20 MP: 1/1
   112 | D:2      | Found a runed translucent door.
   113 | D:2      | Noticed Crazy Yiuf
   145 | D:2      | Reached XP level 2. HP: 25/27 MP: 2/2
   179 | D:2      | Paralysed by Crazy Yiuf for 3 turns
   185 | D:2      | Killed Crazy Yiuf
   185 | D:2      | Reached skill level 1 in Dodging
   185 | D:2      | Reached XP level 3. HP: 27/34 MP: 0/2
   401 | D:4      | Reached XP level 4. HP: 32/42 MP: 3/3
   520 | D:4      | Noticed a phantom
   572 | D:4      | Killed a phantom
   572 | D:4      | Reached XP level 5. HP: 38/50 MP: 4/4
   707 | D:4      | Reached XP level 6. HP: 54/57 MP: 4/4
  1450 | D:5      | Entered Level 5 of the Dungeon
  1450 | D:5      | Noticed an ice beast
  1467 | D:5      | Killed an ice beast
  1493 | D:5      | Reached XP level 7. HP: 47/66 MP: 5/5
  1515 | D:5      | Found a staircase to the Ecumenical Temple.
  1526 | Temple   | Entered the Ecumenical Temple
  1590 | Temple   | Became a worshipper of Makhleb the Destroyer
  1609 | D:5      | Found an iron altar of Okawaru.
  1662 | D:5      | Found a glowing drain.
  1671 | Sewer    | Entered a sewer
  1723 | Sewer    | Noticed Purgy
  1726 | Sewer    | Killed Purgy
  1726 | Sewer    | Reached skill level 5 in Axes
  1726 | Sewer    | Reached skill level 1 in Invocations
  2011 | D:5      | Reached skill level 5 in Fighting
  2145 | D:5      | Got a smoking tin ring
  2258 | D:5      | Found a runed translucent gate.
  2258 | D:5      | Found a runed translucent gate.
  2258 | D:5      | Found a runed translucent gate.
  2259 | D:5      | Noticed Grizz's ghost (novice MiFi)
  2260 | D:5      | Identified the ring "Jobulefa" {Int+4 Slay+3 Stlth-} (You
                  | found it on level 5 of the Dungeon)
  2461 | D:6      | Reached * piety under Makhleb
  2519 | D:6      | Found a blossoming altar of Fedhas.
  2565 | D:6      | Reached XP level 8. HP: 34/74 MP: 7/7
  2635 | D:6      | Found Fajumoat's Antique Weapon Shoppe.
  2668 | D:6      | Reached skill level 5 in Armour
  2686 | D:6      | Reached skill level 5 in Shields
  2717 | D:6      | Found a bloodstained altar of Trog.
  2933 | D:7      | Found Megainof's Antique Weapon Shoppe.
  2944 | D:7      | Found Kaymn's Book Shop.
  2954 | D:7      | Reached ** piety under Makhleb
  2966 | D:7      | Noticed a slime creature
  2966 | D:7      | Noticed derval's ghost (novice MfIE)
  2968 | D:7      | Noticed a hippogriff
  2970 | D:7      | Noticed Dowan
  2972 | D:7      | Noticed Duvessa
  2973 | D:7      | Found Tecwuyse's Gadget Shop.
  2982 | D:7      | Killed Dowan
  2982 | D:7      | Killed Duvessa
  2987 | D:7      | Found a transporter.
  2993 | D:7      | Noticed an unseen horror
  3001 | D:7      | Killed an unseen horror
  3001 | D:7      | Reached skill level 5 in Invocations
  3001 | D:7      | Gained mutation: You passively map the area around you.
                  | [Deep Dwarf growth]
  3001 | D:7      | Reached XP level 9. HP: 77/82 MP: 6/8
  3109 | D:7      | Found a sparkling altar of Nemelex Xobeh.
  3183 | D:7      | Found Pior's Antique Weapon Shoppe.
  3257 | D:7      | Found a hide-covered altar of Uskayaw.
  3446 | D:7      | Found a transporter.
  3620 | D:8      | Found a radiant altar of Vehumet.
  3833 | D:8      | Found an opulent altar of Gozag.
  3851 | D:8      | Found a glowing golden altar of the Shining One.
  4079 | D:8      | Reached skill level 5 in Dodging
  4132 | D:8      | Noticed Erica
  4133 | D:8      | Found a staircase to the Lair.
  4133 | D:8      | Noticed a komodo dragon
  4174 | D:8      | Killed a komodo dragon
  4179 | D:8      | Killed Erica
  4179 | D:8      | Reached XP level 10. HP: 57/94 MP: 7/7
  4258 | D:8      | Noticed Joseph
  4279 | D:8      | Killed Joseph
  4632 | D:9      | Noticed Grum
  4640 | D:9      | Killed Grum
  4712 | D:9      | Reached *** piety under Makhleb
  4819 | D:9      | Found a glowing silver altar of Zin.
  5004 | D:10     | Entered Level 10 of the Dungeon
  5157 | D:10     | Gained mutation: Your body sometimes deteriorates upon
                  | taking damage. [potion of mutation]
  5157 | D:10     | Gained mutation: You are agile. (Dex +2) [potion of
                  | mutation]
  5213 | D:10     | Noticed a two-headed ogre
  5224 | D:10     | Killed a two-headed ogre
  5256 | D:10     | Reached **** piety under Makhleb
  5262 | D:10     | Reached XP level 11. HP: 73/103 MP: 7/7
  5286 | D:10     | Found a roughly hewn altar of Beogh.
  5368 | D:10     | Found a staircase to the Orcish Mines.
  5738 | Orc:1    | Entered Level 1 of the Orcish Mines
  5759 | Orc:1    | Found a dark tunnel.
  5764 | Volcano  | Entered a volcano
  5824 | Volcano  | Found a burning altar of Makhleb.
  5881 | Volcano  | Noticed a stone giant
  5905 | Volcano  | Killed a stone giant
  5905 | Volcano  | Reached skill level 10 in Invocations
  5924 | Volcano  | Reached skill level 10 in Axes
  6045 | Volcano  | Quit the game

Levels and vault maps discovered:
D:1:      dpeg_arrival_long_road, layout_loops_corners
D:2:      layout_basic, evilmike_ruin_ashenzari, marbit_many_paths, st_stairs_9,
          uniq_crazy_yiuf_cottage
D:3:      layout_loops_ring, lemuel_round_altar, nicolae_tso_carved_into_rock
D:4:      kennysheep_kobold_camp, layout_basic, grunt_ministairs_6, minivault_25
D:5:      layout_cave_pools, okawaru_trees_2,
          minmay_temple_entry_gardened_gates, first_ration,
          gammafunk_ghost_nasty_kobolds, portal_sewer_entry_b
D:6:      layout_rooms, lemuel_crystal_altar, serial_shops,
          nicolae_shop_statue_plus, trog_hazing_becter
D:7:      layout_basic, lemuel_coloured_pillars_altar, old_standard_altar,
          serial_shops, shop, nicolae_shop_statue_plus, nicolae_shop_waterfront,
          shop, gammafunk_ghost_arena, uniq_duvessa
D:8:      layout_gridville, vehumet_altar_wand_db, grunt_temple_overflow_open,
          david_lair_shrubbed, uniq_joseph, uniq_erica
D:9:      layout_basic, overflow_temple_1_default, uniq_grum
D:10:     layout_roguey [special_room_orc], hiddenorc1_lemuel,
          hangedman_little_slice_of_home
Temple:   jpeg_temple_clearing
Orc:1:    layout_caves, basic_altar, enter_volcano_4
Volcano:  volcano_lake [vl_original]

Skill      XL: |  1  2  3  4  5  6  7  8  9 10 11 |
---------------+----------------------------------+-----
Fighting       | 3 4 5 6 7 8 |  8.7
Dodging        | 1 2 3 4 5 6 |  6.7
Axes           | 3 4 5 7 8 9 10 | 10.1
Armour         | 4 5 6 7 |  7.8
Shields        | 4 5 6 7 |  7.7
Invocations    | 2 5 7 9 10 | 10.3

Action                   |  1- 3 |  4- 6 |  7- 9 | 10-12 || total
-------------------------+-------+-------+-------+-------++-------
Melee: War axe           |    58 |   114 |   425 |   413 ||  1010
Invok: Lesser Servant of |       |       |       |     2 ||     2
 Abil: Heal Wounds       |     3 |     2 |    13 |    29 ||    47
Evoke: Wand              |       |       |     1 |     1 ||     2
  Use: Scroll            |       |     8 |    10 |     3 ||    21
       Potion            |       |       |     1 |     2 ||     3
 Stab: Distracted        |       |       |       |     2 ||     2
  Eat: Chunk             |       |     1 |    11 |     7 ||    19
       Ration            |       |       |       |     3 ||     3
Armor: Scale mail        |    23 |    71 |   125 |       ||   219
       Chain mail        |       |       |    43 |   134 ||   177
Dodge: Dodged            |    25 |    41 |   229 |   243 ||   538
Block: Kite shield       |    34 |    85 |   288 |   262 ||   669

Table legend:
 A = Non-vault XP
 B = Vault XP
 C = Vault XP percentage of total XP
 D = Non-vault monster count
 E = Vault monster count
 F = Vault count percentage of total count
                 A         B        C        D         E       F
            +---------+---------+-------+---------+---------+-------
      Total |    8962 |    7868 |  46.7 |     170 |     118 |  41.0
            +---------+---------+-------+---------+---------+-------
        D:1 |       7 |       0 |   0.0 |       6 |       0 |   0.0
        D:2 |      13 |      37 |  74.0 |       1 |       1 |  50.0
        D:3 |       6 |       0 |   0.0 |       4 |       0 |   0.0
        D:4 |     274 |     125 |  31.3 |      10 |      23 |  69.7
        D:5 |     591 |      33 |   5.3 |      27 |       7 |  20.6
        D:6 |     639 |      10 |   1.5 |      20 |       6 |  23.1
        D:7 |    1925 |     215 |  10.0 |      41 |       2 |   4.7
        D:8 |     778 |    1737 |  69.1 |      14 |       4 |  22.2
        D:9 |    1649 |     543 |  24.8 |      17 |       4 |  19.0
       D:10 |    2749 |    1005 |  26.8 |      26 |      51 |  66.2
      Orc:1 |     331 |       0 |   0.0 |       4 |       0 |   0.0
      Sewer |       0 |     151 | 100.0 |       0 |       9 | 100.0
    Volcano |       0 |    4012 | 100.0 |       0 |      11 | 100.0
            +---------+---------+-------+---------+---------+-------
